 Dungeon Crawl Stone Soup version 0.27.0 (webtiles) character file.

Game seed: 17279938341814917430

169 Tirrikindir the Shield-Bearer (level 5, -1/36 HPs)
             Began as an Octopode Fighter on July 30, 2021.
             Slain by an ogre (29 damage)
             ... on level 4 of the Dungeon.
             The game lasted 00:06:27 (2984 turns).

Tirrikindir the Shield-Bearer (Octopode Fighter)    Turns: 2984, Time: 00:06:28

Health: -1/36      AC:  1    Str: 16    XL:     5   Next: 50%
Magic:  5/5        EV: 11    Int: 10    God:
Gold:   165        SH: 14    Dex: 12    Spells: 4/4 levels left

rFire    . . .     SeeInvis .   a - +1 long sword
rCold    . . .     Faith    .   b - +0 kite shield
rNeg     . . .     Spirit   .   (helmet restricted)
rPois    .         Reflect  +   g - amulet of reflection
rElec    .         Harm     .   (no ring)
rCorr    .         Rampage  .   (no ring)
Will     .....                  (no ring)
Stlth    +++.......             (no ring)
HPRegen  0.12/turn              (no ring)
MPRegen  0.09/turn              (no ring)
                                (no ring)
                                (no ring)

@: no status effects
A: almost no armour, amphibious, 8 rings, camouflage 1, gelatinous body 1,
(nimble swimmer 1), tentacles
a: no special abilities


You were on level 4 of the Dungeon.
You visited 1 branch of the dungeon, and saw 4 of its levels.

You collected 165 gold pieces.

Inventory:

Hand Weapons
 a - a +1 long sword (weapon)
 f - a +3 short sword
Armour
 b - a +0 kite shield (worn)
Jewellery
 g - an amulet of reflection (around mantle)
Scrolls
 e - a scroll of fog
 j - a scroll of blinking
 k - a scroll of teleportation {unknown}
Potions
 c - 3 potions of might
 d - a potion of mutation {unknown}
 h - a potion of heal wounds {unknown}
 i - 2 potions of magic
 l - a potion of haste {unknown}
 m - 2 potions of brilliance {unknown}
 n - 4 potions of lignification {unknown}
 o - a potion of flight {unknown}
 p - a potion of resistance {unknown}


   Skills:
 + Level 3.5 Fighting
 * Level 3.5 Long Blades
 + Level 3.6 Dodging
 + Level 2.6 Stealth
 + Level 3.7 Shields


You had 4 spell levels left.
You didn't know any spells.
Your spell library contained the following spells:

 Spells                   Type           Power      Damage    Failure   Level
 Apportation              Tloc           0%         N/A       85%         1
 Blink                    Tloc           N/A        N/A       94%         2
 Lesser Beckoning         Tloc           0%         N/A       99%         3
 Stone Arrow              Conj/Erth      0%         3d7       99%         3
 Alistair's Intoxication  Tmut/Pois      0%         N/A       100%        5
 Bolt of Magma            Conj/Fire/Erth 0%         4d4       100%        5
 Manifold Assault         Tloc           0%         N/A       100%        5
 Invisibility             Hex            0%         N/A       100%        6
 Shatter                  Erth           0%         3d5*      100%        9


Dungeon Overview and Level Annotations

Branches:
Dungeon (4/15)
 Temple: D:4-7

Altars:


Innate Abilities, Weirdness & Mutations

You cannot wear most types of armour.
You are amphibious.
You can wear up to eight rings at the same time.
Your skin changes colour to match your surroundings (Stealth+).
Your rubbery body absorbs attacks. (AC +1, EV +1)
((You are camouflaged near water. (Stealth+)))
You have tentacles for arms and can constrict up to eight enemies at once.


Message History

Items here: ) [ †††.
Items here: ) [ †††.
There is an open door here.
You see here a +4 dagger of venom.
There is an open door here.
j - 2 scrolls labelled MENYOSOLUG (gained 1)
You see here a +0 dagger.
Blink to where?
Press: ? - help, Dir - move target
As you read the scroll labelled MENYOSOLUG, it crumbles to dust.
It was a scroll of blinking.
You now have 147 gold pieces (gained 5).
o - a lumpy white potion
Found a dagger.
Found 8 gold pieces and a sedimented amethyst potion.
You now have 157 gold pieces (gained 10).
You now have 165 gold pieces (gained 8).
p - a sedimented amethyst potion Done exploring.
(D) Dungeon
Where to? (Enter - D:3, ? - help)
There is a stone staircase leading down here.
You climb downwards.
Found a dagger.
Found a stone staircase leading down.
There is a stone staircase leading up here.
Found a dagger.
Found 17 bolts.
An ogre comes into view. It is wielding a +0 giant club.
The ogre shouts!
Found an escape hatch in the floor.
You block the ogre's attack.
You barely miss the ogre. The ogre hits you with a +0 giant club!
You hit the ogre.
The ogre is lightly wounded.
You block the ogre's attack.
You slash the ogre!
The ogre is heavily wounded.
The ogre hits you with a +0 giant club!!
Ouch! That really hurt!
You die...

### ##)##
###>..##
##$.@O.>#
##......###
#.(........##
.....#)......#
..#####......###
# ###......#
##...<.# #....##
#.....#


You could see an ogre.

Vanquished Creatures
  3 iguanas (D:4)
  2 adders
  An ufetubus (D:4)
  2 worms
  2 dart slugs
  3 orcs
  5 endoplasms
  5 giant cockroaches
  6 goblins
  5 hobgoblins
  3 jackals (D:1)
  3 quokkas (D:4)
  5 ball pythons
  2 bats
  5 frilled lizards
  A kobold (D:2)
  4 rats
57 creatures vanquished.

Vanquished Creatures (others)
  A plant (D:2)
1 creature vanquished.

Grand Total: 58 creatures vanquished

Notes
Turn   | Place    | Note
-------+----------+-------------------------------------------
     0 | D:1      | Tirrikindir the Octopode Fighter began the quest for the
                  | Orb.
     0 | D:1      | Reached XP level 1. HP: 16/16 MP: 1/1
   158 | D:1      | Reached XP level 2. HP: 21/21 MP: 2/2
   323 | D:1      | Reached skill level 1 in Stealth
   761 | D:1      | Reached XP level 3. HP: 26/26 MP: 3/3
   763 | D:1      | Found a faded altar of an unknown god.
  1945 | D:3      | You fall into a shaft and drop 1 floor!
  1951 | D:4      | Reached XP level 4. HP: 19/31 MP: 4/4
  2179 | D:4      | Reached XP level 5. HP: 22/36 MP: 5/5
  2979 | D:4      | Noticed an ogre
  2984 | D:4      | Slain by an ogre

Illustrated notes

Levels and vault maps discovered:
D:1:      ncdulo_halloftheorcs, layout_basic,
          shapermc_ecumenical_altar_mp_vishouse
D:2:      layout_basic, roderic_lattice_a, hangedman_glass_garden,
          amcnicky_mini_rare_corridor_liquid, serial_park_tiny_pond,
          kennysheep_flooded_box
D:3:      layout_loops_ring, serial_park_tiny_2, minivault_5, minmay_pentangle
D:4:      layout_cave_pools, mainiacjoe_overflow_divided_tiny,
          kennysheep_potato, uniq_ijyb

Skill      XL: |  1  2  3  4 |
---------------+-------------+-----
Stealth        | 1 2 |  2.6
Long Blades    | 3 |  3.5
Fighting       | |  3.5
Dodging        | |  3.6
Shields        | |  3.7

Action                   |  1- 3 |  4- 6 || total
-------------------------+-------+-------++-------
Melee: Long sword        |    53 |    45 ||    98
       Constrict         |    13 |    15 ||    28
       Tentacles         |     4 |     5 ||     9
  Use: Scroll            |     4 |     2 ||     6
 Stab: Sleeping          |     9 |     5 ||    14
Armor: Skin              |     1 |     1 ||     2
Dodge: Dodged            |    15 |    17 ||    32
Block: Kite shield       |    14 |    23 ||    37
       Rpst.: Long sword |     5 |     6 ||    11
